 Dungeon Crawl Stone Soup version 0.30.0-20-g3615ddf2f0 (webtiles) character file.

Game seed: 3525484935898465643

214 qw the Chopper (level 5, -19/33 HPs)
             Began as a Gargoyle Fighter on June 1, 2023.
             Demolished by an ogre
             ... wielding a +0 giant club
              (25 damage)
             ... on level 3 of the Dungeon.
             The game lasted 00:01:10 (1910 turns).

qw the Chopper (Gargoyle Fighter)                   Turns: 1910, Time: 00:01:11

Health: -19/33     AC: 10    Str: 22    XL:     5   Next: 92%
Magic:  5/5        EV:  9    Int:  8    God:
Gold:   95         SH:  4    Dex:  9    Spells: 4/4 levels left

rFire   . . .        Y - +0 war axe
rCold   . . .        c - +0 buckler
rNeg    + . .        b - +0 scale mail
rPois   inf          (no helmet)
rElec   +            (no cloak)
rCorr   .            (no gloves)
SInv    .            (no boots)
Will    .....        (no amulet) Stlth
                     (no ring)
HPRegen 0.25/turn    (no ring)
MPRegen 0.09/turn

%: no passive effects
@: about to teleport
A: sickness immunity, AC +4, negative energy resistance 1, electricity
resistance, torment resistance 1, petrification resistance
a: no special abilities


You were on level 3 of the Dungeon.
You visited 1 branch of the dungeon, and saw 3 of its levels.

You collected 95 gold pieces.


Innate Abilities, Weirdness & Mutations

You are immune to sickness and miasma.
Your stone body is resilient. (AC +4)
You are immune to poison.
You resist negative energy. (rN+)
You are resistant to electric shocks. (rElec)
You are resistant to unholy torment.
You are immune to petrification.


   Skills:
 + Level 3.8 Fighting
 - Level 5.1 Axes
 - Level 3.2 Armour
 - Level 3.2 Shields


You had 4 spell levels left.
You didn't know any spells.
Your spell library was empty.

Inventory:

Hand Weapons
 n - a +3 flail
 Y - a +0 war axe (weapon)
Armour
 b - a +0 scale mail (worn)
 c - a +0 buckler (worn)
 f - a +0 cloak
 l - a +2 robe of fire resistance
Scrolls
 i - 5 scrolls of identify
Potions
 a - a potion of curing {unknown}
 d - 2 potions of might
 e - a potion of haste
 h - a potion of mutation
 k - a potion of attraction

Dungeon Overview and Level Annotations

Branches:
Dungeon (3/15)

Altars:

Portals:
Abyss: D:3

Annotations:
D:3 2 transporters, qw's ghost, amateur GrCA


Message History

Enter note:
Enter note: You hear the brisk rusting of a very distant drain.
An ogre comes into view. It is wielding a +0 giant club.
The ogre shouts!
An adder comes into view.
Enter note:
Enter note: The adder hisses angrily.
The adder bites you but does no damage. x2
Enter note:
Enter note: You closely miss the adder.
The adder closely misses you.
You slash the adder!
The adder is almost dead.
The adder barely misses you. The adder bites you but does no damage.
You closely miss the adder.
The adder is almost dead.
You slash the ogre! The adder bites you but does no damage.
The ogre hits you with a +0 giant club! You block the adder's attack.
You barely miss the adder.
The adder is almost dead.
You barely miss the ogre. The adder bites you but does no damage.
The ogre hits you with a +0 giant club!!
Ouch! That really hurt!
1909 ||| READING scroll of teleportation.
As you read the scroll of teleportation, it crumbles to dust.
You feel strangely unstable. You block the adder's attack.
The ogre closely misses you. The adder barely misses you.
You miss the adder.
The adder is almost dead.
You slash the ogre! The adder closely misses you.
The ogre hits you with a +0 giant club!!
Ouch! That really hurt!
You die...

..^. #.# ...#.# ####
#.#...?..#.. #..##
..##.....#..
#...###^##........
......####....##.#
.......^.....# #.# #
.............# #.##.##.#
####.#...#.#####O......#
#.#...#.##...@.#
#.#...#.##.###S#
#..........# .#
##########.# .# #... ..
#.#.### ....# #.# # #.#


You could see an ogre and an adder.

Vanquished Creatures
  A jelly (D:3)
  An iguana (D:3)
  Jessica (D:2)
  Terence (D:2)
  3 gnolls (D:3)
  2 adders
  A worm (D:2)
  A dart slug (D:1)
  3 bats
  4 endoplasms
  3 giant cockroaches
  5 goblins
  6 hobgoblins
  4 jackals
  4 quokkas
  5 ball pythons
  4 frilled lizards
  5 kobolds
  4 rats
58 creatures vanquished.

Notes
Turn   | Place    | Note
-------+----------+-------------------------------------------
     0 | D:1      | qw the Gargoyle Fighter began the quest for the Orb.
     0 | D:1      | Reached XP level 1. HP: 14/14 MP: 1/1
     0 | D:1      | 0 ||| qw: Version: 0.2-a-102-gfc559e5
     0 | D:1      | 0 ||| qw: Game counter: 658
     0 | D:1      | 0 ||| qw: Always use a shield: true
     0 | D:1      | 0 ||| qw: God list: Okawaru
     0 | D:1      | 0 ||| qw: Allow faded altars: false
     0 | D:1      | 0 ||| qw: Do Orc after D:15 true
     0 | D:1      | 0 ||| qw: Do second Lair branch before Depths: true
     0 | D:1      | 0 ||| qw: Lair rune preference: random
     0 | D:1      | 0 ||| qw: Plans: Normal, Zot:1-4, Slime:5, God:TSO, Crypt,
                  | Tomb, Pan, Hells, Abyss, Win
     0 | D:1      | 0 ||| PLANNING D:1-11
    55 | D:1      | Reached skill level 2 in Axes
   181 | D:1      | Reached XP level 2. HP: 19/19 MP: 2/2
   542 | D:1      | Reached skill level 3 in Axes
   545 | D:1      | Reached XP level 3. HP: 23/23 MP: 3/3
   884 | D:1      | 884 ||| READING scroll labelled FIEKHL RO KATAF.
   885 | D:1      | 885 ||| READING scroll labelled OLIOLI HIDA.
   886 | D:1      | 886 ||| READING 3 scrolls labelled ULISTR TA RUDAR.
   887 | D:1      | 887 ||| DRINKING 2 sapphire potions.
   888 | D:1      | 888 ||| READING 2 scrolls of identify.
   888 | D:1      | 888 ||| IDENTIFYING bubbling black potion
   929 | D:2      | 929 ||| Stepping ~*~*~tactically~*~*~ (hiding).
   930 | D:2      | 930 ||| Stepping ~*~*~tactically~*~*~ (hiding).
  1042 | D:2      | Noticed Jessica
  1057 | D:2      | Killed Jessica
  1058 | D:2      | Reached XP level 4. HP: 19/28 MP: 4/4
  1135 | D:2      | Noticed Terence
  1144 | D:2      | Killed Terence
  1145 | D:2      | Reached skill level 4 in Axes
  1153 | D:2      | 1153 ||| Stepping ~*~*~tactically~*~*~ (stealth).
  1351 | D:2      | 1351 ||| Stepping ~*~*~tactically~*~*~ (stealth).
  1459 | D:2      | 1459 ||| READING scroll labelled WIACSI KOMOLIE.
  1460 | D:2      | 1460 ||| READING scroll labelled XYEGRE FOKLAM.
  1461 | D:2      | 1461 ||| READING 2 scrolls labelled TOAMALL IFONOR.
  1465 | D:2      | 1465 ||| READING scroll labelled GADAWI OTIMO.
  1466 | D:2      | 1466 ||| READING scroll labelled FUSICU LEUDUM.
  1467 | D:2      | 1467 ||| READING scroll labelled YSAFROSMIE.
  1468 | D:2      | 1468 ||| READING 6 scrolls of identify.
  1468 | D:2      | 1468 ||| IDENTIFYING fizzy emerald potion
  1469 | D:2      | 1469 ||| READING 5 scrolls of identify.
  1469 | D:2      | 1469 ||| IDENTIFYING grey potion
  1470 | D:2      | 1470 ||| READING 4 scrolls of identify.
  1470 | D:2      | 1470 ||| IDENTIFYING sedimented pink potion
  1471 | D:2      | 1471 ||| DROPPING potion of berserk rage.
  1472 | D:2      | 1472 ||| DROPPING potion of invisibility.
  1494 | D:3      | 1494 ||| PLANNING SEWER
  1553 | D:3      | Reached XP level 5. HP: 31/32 MP: 5/5
  1693 | D:3      | Found a one-way gate to the infinite horrors of the Abyss.
  1693 | D:3      | Noticed qw's ghost (amateur GrCA)
  1713 | D:3      | Reached skill level 5 in Axes
  1734 | D:3      | 1734 ||| Stepping ~*~*~tactically~*~*~ (stealth).
  1748 | D:3      | 1748 ||| FLEEEEING.
  1749 | D:3      | 1749 ||| FLEEEEING.
  1786 | D:3      | 1786 ||| DROPPING +0 club.
  1787 | D:3      | 1787 ||| DROPPING +0 flail.
  1882 | D:3      | Found a transporter.
  1883 | D:3      | Found a transporter.
  1903 | D:3      | Noticed an ogre
  1908 | D:3      | HP: 5/33 [ogre/+0 giant club (20)]
  1909 | D:3      | 1909 ||| READING scroll of teleportation.
  1910 | D:3      | Demolished by an ogre

Levels and vault maps discovered:
D:1:      dpeg_arrival_houses_and_road, layout_basic, minivault_5,
          nrook_campfire
D:2:      layout_rooms, chequers_serial_rivers_micro_c, minmay_misc_feat_doors,
          uniq_jessica, uniq_terence
D:3:      layout_loops_cross, gammafunk_ghost_abyssal_escape,
          portal_sewer_entry_e, grunt_ministairs_3

Skill      XL: |  1  2  3  4  5 |
---------------+----------------+-----
Axes           | 2 3 4 5 |  5.1
Fighting       | |  3.8
Armour         | |  3.2
Shields        | |  3.2

Action                     |  1- 3 |  4- 6 || total
---------------------------+-------+-------++-------
  Melee: War axe           |   105 |    80 ||   185
    Use: Scroll            |     4 |    10 ||    14
         Potion            |     1 |       ||     1
 Armour: Scale mail        |    64 |    31 ||    95
  Dodge: Dodged            |    44 |    38 ||    82
  Block: Buckler           |    22 |    13 ||    35

Table legend:
 A = Non-vault XP
 B = Vault XP
 C = Vault XP percentage of total XP
 D = Non-vault monster count
 E = Vault monster count
 F = Vault count percentage of total count
                 A         B        C        D         E       F
            +---------+---------+-------+---------+---------+-------
      Total |     190 |     117 |  38.1 |      54 |       4 |   6.9
            +---------+---------+-------+---------+---------+-------
        D:1 |      39 |       0 |   0.0 |      24 |       0 |   0.0
        D:2 |      46 |      73 |  61.3 |      19 |       2 |   9.5
        D:3 |     105 |      44 |  29.5 |      11 |       2 |  15.4
            +---------+---------+-------+---------+---------+-------
